[Event "Doeberl Cup 2022"]
[Site "Canberra"]
[Date "2022.04.17"]
[Round "8.3"]
[White "Ikeda, Junta"]
[Black "Fernandez, Daniel Howard"]
[Result "0-1"]
[ECO "D00"]
[WhiteElo "2457"]
[BlackElo "2487"]
[Annotator "TA"]
[PlyCount "84"]
[EventDate "2022.04.14"]
[EventType "swiss"]
[EventCountry "AUS"]
[SourceTitle "playchess.com"]
[Source "ChessBase"]
[SourceQuality "1"]
[TimeControl "5400+30"]

1. d4 Nf6 2. Nc3 d5 3. Bf4 Nh5 4. Be5 f6 5. e4 g6 6. Bg3 {[%emt 0:01:03] D00: 1 d4 d5: Unusual lines.} c6 {[%emt 0:01:58] [#]} 7. exd5 $146 {[%emt 0:04:22] Bc4 is the strong threat.} ({Predecessor:} 7. Be2 Nxg3 8. hxg3 Bg7 9. exd5 cxd5 10. Bf3 e6 11. Nge2 Nc6 12. Qd3 Ne7 13. O-O-O {½-½ (47) Englert,F (2350)-Cherniaev,A (2441) London 2015}) 7... cxd5 8. Bxb8 {[%emt 0:00:34] White is slightly better.} Rxb8 9. Qf3 e6 10. g4 Ng7 11. h4 $1 h5 12. Bd3 $36 {[%emt 0:03:38][%mdl 2048] White is in control.} Kf7 13. gxh5 Nxh5 14. Nh3 b5 (14... Be7 $14 {might be stronger.}) 15. O-O-O $16 Bh6+ 16. Kb1 f5 17. Ne2 (17. Bxb5 $6 Qxh4 18. Ng1 Qe7 $11) (17. Nxb5 Bd7 18. c4 Bxb5 19. cxb5 Qxh4 $11) 17... Bd7 18. Rdg1 Rb6 19. Ng5+ (19. Qg2 $6 Rg8 $14) (19. Nc1 $142) 19... Ke7 20. Qg2 (20. Nf4 $16 Nxf4 21. Qxf4) 20... Be8 21. Re1 a5 (21... Bg7 $14) 22. Ng1 (22. Nc1 $1 $16) 22... Bg7 (22... Nf4 23. Qg3 Kf8 24. N1f3 $16) 23. N1f3 Bf6 24. Ne5 Rh6 ({Black should try} 24... b4 $14) 25. Re3 ({White should play} 25. Qf3) 25... a4 (25... Kf8 $142) 26. Rhe1 (26. a3 $1 $16) 26... Ng7 $14 27. Nef3 {[%emt 0:02:07] Pair of Knights!} a3 28. b4 $1 f4 {[%emt 0:02:29] [#]} 29. Re5 Qc8 (29... Bxe5 $14 30. Nxe5 Kf8) (29... Rh8 30. Kc1) 30. Rxd5 $16 {[%emt 0:00:31] Strongly threatening Rc5.} Qc3 31. Kc1 Qb2+ (31... Bc6 $142 32. Ne4 Qxe1+ 33. Nxe1 Bxd5) 32. Kd1 ({Much weaker is} 32. Kd2 $6 Qxb4+ 33. Kd1 Qb1+ 34. Ke2 (34. Kd2 Qb4+ 35. Kd1 Qb1+ 36. Ke2 Qxa2 $11) 34... Qxa2 $14) 32... Qxa2 {[%emt 0:00:32] [#]} ({Weaker is} 32... Kf8 33. Rc5 Qxa2 34. Ke2 $14) 33. Nd2 $2 {[%emt 0:00:48][%mdl 8192] [#] This costs White the game.} (33. Rc5 $1 $16 {is necessary to keep the advantage. aiming for Ne4.} Kf8 34. Ke2) 33... Bc6 $1 $19 {[%emt 0:01:27] Chess con chili.} ({Not} 33... Rxh4 34. Rc5 $15) 34. Nxe6 $2 (34. Be4 exd5 35. Bxd5+ Kf8 36. Bxc6 Qa1+ 37. Ke2 Qxd4 38. Qd5 Qxd5 39. Bxd5) 34... Nxe6 35. Nb3 Qb1+ 36. Kd2 a2 37. Rxe6+ Kxe6 {[%emt 0:00:02][%mdl 64] Pin} 38. Nc5+ Kf7 39. Qg4 Qxb4+ (39... a1=Q $142 40. Qe6+ Kg7 41. Rd7+ Bxd7 42. Qxd7+ Kg8 43. Qe8+ Kh7 44. Qd7+ Bg7 45. Bxg6+ Rbxg6 46. Qxg7+ Kxg7 47. Kd3 Qd1+ 48. Ke4 Qaxd4+ 49. Kf5 Rh5#) 40. Ke2 f3+ {[%emt 0:00:12] Black mates.} 41. Qxf3 a1=Q 42. Rd7+ Bxd7 {[%emt 0:00:04] Weighted Error Value: White=0.82/Black=0.38} 0-1

[Event "Doeberl Cup 2022"]
[Site "Canberra"]
[Date "2022.04.17"]
[Round "8.4"]
[White "Wallis, Christopher"]
[Black "Bjelobrk, Igor"]
[Result "0-1"]
[ECO "E04"]
[WhiteElo "2337"]
[BlackElo "2403"]
[Annotator "TA"]
[PlyCount "60"]
[EventDate "2022.04.14"]
[EventType "swiss"]
[EventCountry "AUS"]
[SourceTitle "playchess.com"]
[Source "ChessBase"]
[SourceQuality "1"]
[TimeControl "5400+30"]

1. d4 d5 2. c4 e6 3. Nf3 Nf6 4. g3 dxc4 5. Bg2 c6 6. Ne5 Bb4+ 7. Bd2 {[%emt 0:01:33][%mdl 1024] White has compensation. E04: Open Catalan: 5 Nf3.} Be7 8. e3 b5 $1 {[%emt 0:00:22][%cal Bb7b5,Bb5b4][%mdl 32] 8...b5 is better than 8...0-0.} 9. a4 {[%emt 0:05:10] Threatens to win with axb5. White is slightly better.} Nd5 (9... b4 $1 $11) 10. O-O {[%emt 0:03:08] [#]} (10. axb5 $16 {Ba5 is the strong threat.} Bb7 11. bxc6 Nxc6 12. Nxc4 (12. Qa4 Qc8 $16)) 10... O-O $146 ({Predecessor:} 10... Bb7 11. b3 cxb3 12. Qxb3 a6 13. Rc1 O-O 14. Nc3 Nd7 15. Nxd7 Qxd7 16. Ne4 b4 {1-0 (38) Strybuk,A (2263)-Alinasab,M (2355) Chess.com INT 2022}) 11. b3 cxb3 $1 12. Qxb3 (12. axb5 $5 b2 13. Ra2 $11) 12... b4 13. Rc1 {[%emt 0:06:54] Prevents c5.} c5 {[%emt 0:14:50] White should prevent ...a5.} (13... a5 $5 ) 14. dxc5 (14. e4 Nf6 15. Ra2 (15. dxc5 Qd4 $17) 15... Nfd7 $17) (14. Nd3 $1 $11) 14... Bf6 $17 15. e4 Nc7 (15... Bxe5 16. exd5 exd5 17. Qxd5 Qxd5 18. Bxd5 $11) (15... Ne7 $142 16. Bf4 g5) 16. Bf4 g5 $1 (16... Qd4 17. Ra2 Bxe5 18. Rc4 $14) 17. Rd1 Qe7 $36 {[%emt 0:02:32][%mdl 2048] Black is in control.} 18. Ng4 gxf4 (18... Bxa1 19. Bd6 Qd8 20. Be5 Qxd1+ 21. Qxd1 Bxe5 22. Nxe5 $18) 19. e5 Bg7 {[%emt 0:00:29][%cal Oc7d5] Hoping for ...Nd5!} 20. Bxa8 Nxa8 21. Qxb4 {[%emt 0:01:40] [#]} fxg3 $1 22. hxg3 {[%emt 0:01:16] [#]} ({But not} 22. Qxb8 $2 gxh2+ 23. Nxh2 Bb7 $19) 22... Nd7 23. Qe4 (23. Qf4 $17 {was necessary.} Qxc5 24. Nd2 Bxe5 25. Nxe5 (25. Nh6+ $2 Kh8 $19) 25... Qxe5 26. Qxe5 Nxe5 27. Rdc1) 23... f5 24. Qxa8 (24. exf6 Nxf6 25. Nxf6+ Qxf6 26. Ra2) 24... fxg4 $19 {[%emt 0:00:09] Black is clearly winning.} 25. Qxa7 Qe8 26. Nd2 Nxe5 27. Rab1 Qh5 {[%emt 0:03:20] Strongly threatening ...Qh3.} 28. Rb8 Nc6 29. Qb6 Nxb8 30. Qxb8 Qxc5 {[%emt 0:00:19] Weighted Error Value: White=1.11/Black=0.50} (30... Bd4 $142 31. Ne4 {[#]} Bxf2+ $1 32. Nxf2 Qxc5) 0-1

[Event "Doeberl Cup 2022"]
[Site "Canberra"]
[Date "2022.04.17"]
[Round "8.5"]
[White "Johansen, Darryl K"]
[Black "Puccini, Jack"]
[Result "0-1"]
[ECO "A13"]
[WhiteElo "2385"]
[BlackElo "2313"]
[Annotator "TA"]
[PlyCount "120"]
[EventDate "2022.04.14"]
[EventType "swiss"]
[EventCountry "AUS"]
[SourceTitle "playchess.com"]
[Source "ChessBase"]
[SourceQuality "1"]
[TimeControl "5400+30"]

1. Nf3 d5 2. g3 Nf6 3. Bg2 e6 4. O-O c5 5. c4 dxc4 6. Na3 Nc6 7. Nxc4 Be7 8. b3 O-O 9. Bb2 Qc7 {[%emt 0:00:05] A13: English Opening: 1...e6.} 10. Rc1 Rd8 (10... b5 $5 11. Nce5 Bb7 $11) 11. Qc2 h6 {[%emt 0:16:56] [#] White is slightly better.} 12. Nce5 $146 ({Predecessor:} 12. Qb1 Bd7 13. Qa1 Rac8 14. d4 cxd4 15. Nxd4 Qb8 16. Rfd1 Nxd4 17. Bxd4 Bc6 18. Be5 Rxd1+ 19. Rxd1 {½-½ (31) Skoberne,J (2552)-Halkias,S (2574) Istanbul 2012}) 12... Bd7 13. d4 Rac8 14. Nxd7 Nxd7 15. dxc5 Nxc5 16. b4 Na6 17. b5 Na5 $1 18. Qc3 (18. Qb1 $14 Nc5 19. Bd4) 18... Qxc3 $11 19. Bxc3 {[%emt 0:00:12] This bishop pair is nice.} Nb4 20. Bxb4 Bxb4 21. e3 Ba3 22. Rxc8 Rxc8 23. Nd4 Rc5 24. Be4 Bb2 25. Rd1 Kf8 26. Bd3 Bxd4 27. exd4 $15 {[%emt 0:00:01][%mdl 4096] Endgame KRB-KRN} Rc3 28. Bf1 Ke7 29. d5 e5 30. d6+ Kd8 31. Rd5 (31. Re1 $5 ) 31... f6 32. Rd1 (32. f4 $11 {should be considered.}) 32... Rc2 33. Bh3 Nc4 34. d7 Nb6 (34... Rxa2 $2 35. Rc1 Ra4 36. Be6 $18) (34... Nb2 $17 35. Rf1 Rd2) 35. Rd3 Rc4 (35... Rxa2 36. Rc3 Ke7 37. Rc7 $11) 36. Be6 Rd4 37. Ra3 Ra4 $1 ({Reject} 37... Nxd7 38. Rxa7 Nc5 39. Bh3 $11) 38. Rc3 Nxd7 39. Rd3 (39. f4 $142) 39... Rd4 $17 40. Ra3 Nc5 41. Bb3 Nxb3 42. Rxb3 $19 {[%emt 0:00:52] KR-KR} Kc7 43. Rc3+ Kb6 44. Rc8 (44. Kf1 {was called for.}) 44... Rd7 45. a4 Ka5 (45... Rd4 $142 46. Rg8 g5) 46. Rc4 Kb6 (46... a6 $142 47. bxa6 bxa6) 47. Rc8 Rd4 48. Rg8 Rxa4 49. Rxg7 Rd4 ({Not} 49... Kxb5 50. Rxb7+ Kc4 51. Rc7+ Kb3 52. Rb7+ Kc3 53. Rc7+ Kb2 54. Rb7+ Kc2 55. Rc7+ Kb3 56. Rb7+ Kc3 57. Rc7+ Kb3 $17) (49... Rc4 $142 {And now ...Rc7 would win.} 50. Rf7 Rc7 51. Rxf6+ Kxb5 52. Rxh6 a5) 50. Rh7 {[%emt 0:00:35] [#]} Rd6 ({Worse is} 50... Kxb5 51. Rxb7+ Ka6 52. Rh7 $15) ({Black should play} 50... Rc4 $1 {Threatens to win with ...Rc7.} 51. Rxh6 Kxb5 52. Rxf6 a5) 51. Rxh6 $2 {[%emt 0:00:07][%mdl 8192] This costs White the game.} (51. Kf1 $17 {is more resistant.}) 51... Kxb5 52. Rh7 Kc6 53. h4 a5 {[%emt 0:00:06][%cal Ba7a5,Ba5a4,Ba4a3,Ba3a2][%mdl 32] ...a4 is the strong threat.} 54. Rh8 a4 55. Ra8 Kb5 {[%emt 0:00:05] White must now prevent ...Kb4.} 56. g4 Ra6 {[%emt 0:02:06] Against Ra7} (56... Kb4 57. Kg2 a3) 57. Rd8 $2 {[%emt 0:00:07] [#]} (57. Rxa6 $19 bxa6 58. Kg2) 57... a3 58. Rd1 a2 59. Ra1 Kb4 {[%emt 0:00:12] ( -> ...Kc3)} 60. h5 Kb3 {[%emt 0:00:12] Weighted Error Value: White=0.53/Black=0.21 (precise)} 0-1

[Event "Doeberl Cup 2022"]
[Site "Canberra"]
[Date "2022.04.17"]
[Round "8.7"]
[White "Stojic, Dusan"]
[Black "Litchfield, Frederick"]
[Result "0-1"]
[ECO "B72"]
[WhiteElo "2240"]
[BlackElo "2096"]
[Annotator "TA"]
[PlyCount "38"]
[EventDate "2022.04.14"]
[EventType "swiss"]
[EventCountry "AUS"]
[SourceTitle "playchess.com"]
[Source "ChessBase"]
[SourceQuality "1"]
[TimeControl "5400+30"]

1. e4 c5 2. Nf3 d6 3. d4 cxd4 4. Nxd4 Nf6 5. Nc3 g6 6. h3 Bg7 7. Bc4 O-O 8. Bb3 Nc6 9. Be3 Na5 {[%emt 0:00:30] is now debated instead of 9...Bd7.} 10. O-O Nxb3 {[%emt 0:00:30] B72: Sicilian Dragon: 6 Be3, lines with h3+Bc4 and sidelines.} 11. axb3 d5 (11... a6 $11) 12. e5 (12. Ndb5 $5 ) 12... Ne4 {[%emt 0:00:30] White has an edge.} 13. f4 Nxc3 $1 14. bxc3 {[%emt 0:00:30] [#]} f6 $146 ({Predecessor:} 14... a6 15. Qd3 Bd7 16. Rae1 Rc8 17. Rf3 e6 18. g4 Qc7 19. Bf2 Rfe8 20. Bh4 Bc6 {1-0 (28) Mazi,L (2346)-Solmajer,L (2010) Ljubljana 2018}) 15. e6 {[%emt 0:00:30] Black must now prevent f5.} Qd6 $2 {[%emt 0:00:30] [#]} (15... f5 $1 $11) 16. f5 $1 $18 gxf5 17. Nxf5 (17. Qe1 $18 {is more deadly.}) 17... Qxe6 $16 {[%emt 0:00:30] [#]} 18. Qg4 $2 ({Much worse is} 18. Bxa7 $6 Re8 $11) ({Much less strong is} 18. Rxa7 Rxa7 19. Bxa7 Qf7 $11) (18. Qxd5 $3 $16 {[%mdl 512] stays on course. Nxe7+ is the strong threat.} Re8 19. Qd3) 18... Qxe3+ $19 19. Kh1 $2 (19. Nxe3 {nothing else works.} Bxg4 20. hxg4) 19... Bxf5 {[%emt 0:00:30] Weighted Error Value: White=0.94/Black=0.52} 0-1

[Event "Doeberl Cup 2022"]
[Site "Canberra"]
[Date "2022.04.18"]
[Round "9.1"]
[White "Fernandez, Daniel Howard"]
[Black "Kuybokarov, Temur"]
[Result "1/2-1/2"]
[ECO "E60"]
[WhiteElo "2487"]
[BlackElo "2576"]
[Annotator "TA"]
[PlyCount "60"]
[EventDate "2022.04.14"]
[EventType "swiss"]
[EventCountry "AUS"]
[SourceTitle "playchess.com"]
[Source "ChessBase"]
[SourceQuality "1"]
[TimeControl "5400+30"]

1. d4 Nf6 2. c4 g6 3. h4 c5 4. d5 Bg7 5. Nc3 d6 6. e4 {[%emt 0:03:31] E60: King's Indian: Unusual lines and Fianchetto Variation without Nc3.} e6 7. Be2 exd5 8. exd5 {[%emt 0:00:08] White has an edge.} Nbd7 9. h5 {[%emt 0:05:31] [#]} Nxh5 $146 ({Predecessor:} 9... O-O 10. Bf4 Re8 11. Bxd6 Qb6 12. Nb5 a6 13. Bc7 axb5 14. Bxb6 Nxb6 15. hxg6 hxg6 {0-1 (24) Borsuk,K (2401)-Janaszak,D (2348) Chess.com INT 2020}) 10. Bxh5 gxh5 11. Qe2+ Qe7 12. Bg5 {[%emt 0:08:03][%csl Gg5][%cal Re2e7][%mdl 64] [#] Pin} Bxc3+ 13. bxc3 f6 14. Bf4 {[%emt 0:00:09] Bxd6 is the strong threat.} Qxe2+ (14... Ne5 {is more complex.} 15. Bxe5 fxe5 16. Qxh5+ Kd7) 15. Nxe2 {[%emt 0:00:28][%cal Bg1e2,Be2g3,Bg3f5][%mdl 32] The position is equal.} Ke7 16. Rxh5 Nb6 17. f3 Bd7 $1 18. Ng3 Nxc4 19. Kf2 Be8 $1 20. Nf5+ Kd7 21. Rh6 Bg6 22. Nh4 Bd3 23. Rd1 $1 Bc2 24. Rc1 Bd3 25. Rd1 Bc2 26. Rc1 Bd3 27. Rd1 Bc2 28. Rc1 Bd3 29. Rd1 Bc2 30. Rc1 Bd3 {[%emt 0:00:11] Weighted Error Value: White=0.02 (flawless) /Black=0.02 (flawless)} 1/2-1/2

[Event "Doeberl Cup 2022"]
[Site "Canberra"]
[Date "2022.04.18"]
[Round "9.2"]
[White "Bjelobrk, Igor"]
[Black "Melkumyan, Hrant"]
[Result "0-1"]
[ECO "D94"]
[WhiteElo "2403"]
[BlackElo "2649"]
[Annotator "TA"]
[PlyCount "98"]
[EventDate "2022.04.14"]
[EventType "swiss"]
[EventCountry "AUS"]
[SourceTitle "playchess.com"]
[Source "ChessBase"]
[SourceQuality "1"]
[TimeControl "5400+30"]

1. Nf3 c5 2. e3 d5 3. d4 Nf6 4. c4 cxd4 5. exd4 g6 6. Nc3 Bg7 7. Be2 O-O 8. O-O Nc6 9. Re1 Be6 10. c5 Ne4 {[%emt 0:00:30] D94: Grünfeld: 4 Nf3 Bg7 5 e3.} 11. Bf4 Bg4 12. Rc1 Bxf3 {[%emt 0:00:30] The position is equal.} 13. Bxf3 f5 {[%emt 0:00:30] [#]} 14. Ne2 $146 ({Predecessor:} 14. Be3 Rc8 15. g3 g5 16. Bg2 f4 17. Nxe4 fxe3 18. fxe3 dxe4 19. Bxe4 Rf6 20. b4 {1-0 (41) Lilleeng,A (2111)-Sterud,E (2207) ICCF email 2010}) 14... e6 15. Bxe4 fxe4 16. Be3 Rf7 17. a3 Qh4 18. Qd2 Raf8 19. Rf1 Qd8 {[%emt 0:00:30] &Nero is much more active.} (19... e5 {seems wilder.} 20. Rcd1 exd4 21. Bxd4 Be5) 20. b4 a6 21. Rcd1 Ne7 22. Ng3 h5 23. Bg5 Qd7 24. Qe3 Kh7 25. h4 (25. f3 $11) 25... Nc6 $17 26. f4 exf3 $1 27. Rxf3 Rxf3 28. gxf3 e5 (28... Qf7 $1 $15 {might be stronger.} 29. f4 Bf6) 29. dxe5 $11 {[%emt 0:00:30] Hoping for e6.} Nxe5 30. f4 Nf7 31. Qd3 $2 (31. f5 $14 gxf5 32. Nxh5) 31... Nh6 $2 (31... Nxg5 $19 32. hxg5 Rxf4) 32. Qxd5 $16 Qg4 33. Rd3 Re8 $2 (33... Nf5 $16) 34. Bxh6 $18 ({Inferior is} 34. Qxb7 Nf5 35. Bf6 Qxf4 36. Bxg7 (36. Nxf5 Re1+ 37. Kg2 Re2+ 38. Kg1 Qh2+ 39. Kf1 Qf2#) 36... Re1+ 37. Kg2 Nxh4+ 38. Kh3 Qg4+ 39. Kh2 Re2+ 40. Nxe2 Qxe2+ 41. Kg3 (41. Kh3 Qg4+ 42. Kh2 Qe2+ 43. Kg3 Nf5+ 44. Kf4 Qh2+ 45. Ke4 Qe2+ 46. Kf4 Qh2+ 47. Ke4 Qe2+ 48. Kf4 $11) (41. Kg1 Qe1+ 42. Kh2 Qe2+ 43. Kh3 Qg4+ 44. Kh2 Qe2+ $11) 41... Nf5+ 42. Kf4 Qh2+ 43. Ke4 Qe2+ 44. Kf4 Qh2+ 45. Ke4 Qe2+ 46. Kf4 $11) 34... Kxh6 35. Qg5+ ({But not} 35. Qxb7 $2 Bd4+ $1 36. Kh2 Re2+ $1 37. Nxe2 Qxe2+ 38. Qg2 Qxd3 39. Qg5+ Kh7 40. Qe7+ Bg7 $19) 35... Kh7 36. Qxg4 hxg4 {[%emt 0:00:30][%mdl 4096] Endgame KRB-KRN} 37. Kf2 {[%emt 0:00:30] Rd7 is the strong threat.} Bf6 (37... Re7 {keeps fighting.} 38. Nf1 Re4) 38. Rd7+ Kh6 {[%emt 0:00:30] [#]} 39. Rxb7 (39. h5 $1 $18) 39... Bxh4 $14 40. Rb6 (40. c6 {is interesting.} Re4 41. c7 Rc4 42. Rb8) 40... Rf8 41. Rxa6 {[%emt 0:00:30] Strongly threatening Kg2.} Rxf4+ 42. Kg2 Rf3 $1 43. Nf1 Rf2+ 44. Kg1 Rc2 {[%emt 0:00:30] [#]} (44... Ra2 $1 $11 {keeps the balance.}) 45. c6 ({White should try} 45. Rd6 $1 $16) 45... Bf2+ $11 46. Kh1 $1 Bd4 47. b5 {[%emt 0:00:30] Black must now prevent Ra4.} Rc1 48. Kg2 {[%emt 0:00:30] And now Ra4 would win.} Rc2+ 49. Kg3 $2 (49. Kh1 $11 Rc1 50. Kg2 Rc2+ 51. Kh1 (51. Kg3 {gets mated.} Kg5)) 49... Kg5 {[%emt 0:00:30] Weighted Error Value: White=0.47/Black=0.43} 0-1

[Event "Doeberl Cup 2022"]
[Site "Canberra"]
[Date "2022.04.18"]
[Round "9.3"]
[White "Lane, Gary W"]
[Black "Cheng, Bobby"]
[Result "1/2-1/2"]
[ECO "B12"]
[WhiteElo "2332"]
[BlackElo "2550"]
[Annotator "TA"]
[PlyCount "104"]
[EventDate "2022.04.14"]
[EventType "swiss"]
[EventCountry "AUS"]
[SourceTitle "playchess.com"]
[Source "ChessBase"]
[SourceQuality "1"]
[TimeControl "5400+30"]

1. e4 c6 2. d4 d5 3. e5 c5 4. dxc5 e6 5. a3 Bxc5 6. Nf3 {[%emt 0:00:55] B12: Caro-Kann: Advance Variation.} a6 7. Bd3 Nc6 8. b4 {[%emt 0:00:09] White is slightly better.} Ba7 9. O-O Nge7 10. Bb2 Ng6 11. Re1 O-O 12. Nbd2 Qb6 13. Rf1 {[%emt 0:03:04] Active counter play!} Nf4 14. Nb3 Qd8 15. Qd2 Nxd3 {[%emt 0:00:06] [#]} 16. Qxd3 $146 ({Predecessor:} 16. cxd3 d4 17. Qf4 f6 18. exf6 Rxf6 19. Qe4 e5 20. Nxe5 Bf5 21. Nxc6 bxc6 22. Qe5 Bxd3 23. Rfe1 Bc4 24. Nc5 Bxc5 25. bxc5 {½-½ (102) Kravtsiv,M (2625)-Bartel,M (2597) Riga 2021}) 16... Bd7 17. Rfe1 Rc8 18. Rad1 Rc7 19. Qd2 Qe7 20. Qf4 Rfc8 21. Rd2 Qf8 22. g4 Bb6 23. h4 Na7 24. Bd4 Rc4 25. Qg3 (25. Qe3 $17 Bxd4 26. Nfxd4) 25... Bxd4 ({Better is} 25... Qd8 $1 $19 26. Bxb6 Qxb6) 26. Nfxd4 $17 b6 (26... Ba4 $17) 27. f4 (27. Rd3 $11) 27... Nb5 (27... a5 $5 28. bxa5 bxa5 29. Nxa5 Rc3 $17) 28. Nxb5 Bxb5 29. Nd4 Ba4 30. f5 $1 Bxc2 {[%emt 0:07:28] And now ...Qe7 would win.} 31. fxe6 fxe6 32. Nxe6 Qe7 33. Nd4 (33. Nf4 $11 {and White has nothing to worry.}) 33... Rc3 $1 $19 34. Re3 Rxe3 35. Qxe3 Be4 36. Qg5 {[%emt 0:02:56] [#]} Rc1+ (36... Qc7 $1 $19 {[%cal Rc7c1] White must now prevent ...Qc1+.} 37. Rf2 h6) 37. Kh2 (37. Kf2 $1 $15 Qc7 38. Ne6) 37... Qc7 (37... Rh1+ $17 38. Kg3 Rg1+ 39. Kf2 Qxg5 40. hxg5 Rxg4) 38. Rf2 $1 $15 {[%emt 0:00:57][%cal Of2f8] Rf8+! is the strong threat.} h6 39. Qf4 Rh1+ (39... Qe7 $5 40. Nf5 {[#]} Bxf5 $1 41. gxf5 Rc4 $15) 40. Kg3 Rg1+ 41. Kh2 Rh1+ 42. Kg3 Rg1+ ({Black should play} 42... Qc3+ $15 43. Nf3 Qc8) 43. Kh2 $11 {[%emt 0:00:08] The position is equal.} Re1 ({Of course not} 43... Rh1+ 44. Kg3 $15) 44. e6 Rh1+ 45. Kg3 Rg1+ 46. Kh2 {[%emt 0:00:02] Dancing on a razor blade.} Rh1+ 47. Kg3 Rg1+ 48. Kh2 Rh1+ 49. Kg3 Rg1+ 50. Kh2 Rh1+ 51. Kg3 Rg1+ 52. Kh2 Rh1+ {[%emt 0:00:29] White happily takes the draw.  Weighted Error Value: White=0.20 (precise) /Black=0.13 (very precise)} 1/2-1/2

[Event "Doeberl Cup 2022"]
[Site "Canberra"]
[Date "2022.04.18"]
[Round "9.4"]
[White "Sardana, Rishi"]
[Black "Litchfield, Frederick"]
[Result "1-0"]
[ECO "D93"]
[WhiteElo "2461"]
[BlackElo "2096"]
[Annotator "TA"]
[PlyCount "52"]
[EventDate "2022.04.14"]
[EventType "swiss"]
[EventCountry "AUS"]
[SourceTitle "playchess.com"]
[Source "ChessBase"]
[SourceQuality "1"]
[TimeControl "5400+30"]

1. Nf3 Nf6 2. d4 d5 3. c4 c6 4. Qc2 g6 5. Bf4 Bg7 6. e3 O-O 7. Nc3 Bf5 8. Bd3 Bxd3 9. Qxd3 dxc4 {[%emt 0:00:31] D93: Grünfeld: 4 Nf3 Bg7 5 Bf4 0-0 6 e3.} 10. Qxc4 Nbd7 11. O-O Nb6 {[%emt 0:03:30] White is slightly better.} 12. Qb3 Nfd5 13. Be5 Nxc3 14. bxc3 Qd5 {[%emt 1:03:09] [#]} 15. Rfb1 $146 ({Predecessor:} 15. Bxg7 Kxg7 16. Rfc1 Qxb3 17. axb3 Rfd8 18. c4 a6 19. Kf1 Rac8 20. Ke2 f6 21. Rd1 Kf7 {½-½ (21) Kukhmazov,A (2393)-Deviatkin,A (2508) Moscow 2016}) 15... Bxe5 16. Nxe5 f6 {[%emt 0:01:00] [#]} 17. c4 $1 Qe6 18. Nd3 Rab8 19. Rc1 Rfd8 20. Rab1 Kg7 {[%emt 0:00:00] [#]} ({Better is} 20... Nd7) 21. Nc5 $1 $16 Qf7 {[%emt 0:00:00] White is better.} 22. a4 Na8 23. Qc3 {[%emt 0:00:00] &Bianco is more active.} ({But not} 23. Nxb7 $6 Rd7 24. a5 a6 $11) 23... b6 24. Nd3 Nc7 25. h3 e6 26. Rd1 Qe7 {[%emt 0:00:00] Weighted Error Value: White=0.05 (flawless) /Black=0.11 (very precise)} 1-0

[Event "Doeberl Cup 2022"]
[Site "Canberra"]
[Date "2022.04.18"]
[Round "9.5"]
[White "Puccini, Jack"]
[Black "Ikeda, Junta"]
[Result "1/2-1/2"]
[ECO "C01"]
[WhiteElo "2313"]
[BlackElo "2457"]
[Annotator "TA"]
[PlyCount "51"]
[EventDate "2022.04.14"]
[EventType "swiss"]
[EventCountry "AUS"]
[SourceTitle "playchess.com"]
[Source "ChessBase"]
[SourceQuality "1"]
[TimeControl "5400+30"]

1. e4 e6 2. d4 d5 3. Nc3 Bb4 4. exd5 exd5 5. Bd3 Ne7 6. Nf3 Bg4 7. O-O {[%emt 0:01:58] C01: French: Exchange Variation.} Nbc6 8. h3 Bh5 9. a3 Ba5 10. Re1 Qd7 {[%emt 0:09:21] [#]} (10... Nxd4 $11 {keeps the balance.} 11. g4 Bxc3 12. bxc3 Nxf3+ 13. Qxf3 Bg6) 11. g4 {[%emt 0:14:08] [#] &Bianco is more active.} (11. b4 $1 $16 Bb6 12. g4 Bxg4 13. hxg4 Qxg4+ 14. Kh1) 11... Bxc3 $146 ({Predecessor:} 11... Bg6 12. b4 Bb6 13. Bb5 f6 14. a4 a6 15. Bxc6 Qxc6 16. Qd2 Qd7 17. Ba3 O-O {0-1 (32) Zemlicka,V (1935)-Liu,Z (2328) Prague 2020}) 12. bxc3 Bg6 {[%emt 0:00:05] Prevents Bf5.} 13. Bb5 {[%emt 0:06:32] And now Ne5 would win.} f6 {[%emt 0:08:04] Against Ne5} 14. a4 {[%emt 0:10:03] aiming for Ba3.} Kf7 15. Ba3 {[%emt 0:07:48][%cal Oe1e7] [#] Rxe7+! is the strong threat.} Rae8 (15... Be4 $2 16. Nd2 Rhe8 17. Nxe4 dxe4 18. Rxe4 $18) 16. c4 (16. Qd2 $14) 16... a6 {[%emt 0:11:38] The position is equal.} (16... h5 {seems wilder.} 17. Nh4 Be4 18. cxd5 Nxd5 19. f3 Bh7) 17. cxd5 axb5 18. dxc6 bxc6 19. axb5 ({Of course not} 19. Qe2 Nd5 20. Qd2 h5 $17) 19... cxb5 20. Bxe7 ({Much weaker is} 20. Qe2 Nd5 21. Qd2 h5 $17) 20... Rxe7 21. Ng5+ fxg5 22. Qf3+ Kg8 {[%emt 0:00:20] White must now prevent ...Rxe1+.} 23. Qb3+ Kf8 24. Qf3+ Kg8 {[%emt 0:00:28] Strongly threatening ...Rxe1+.} 25. Qb3+ Kf8 26. Qf3+ {[%emt 0:00:09] Weighted Error Value: White=0.10 (very precise) /Black=0.12 (very precise)} 1/2-1/2

[Event "Doeberl Cup 2022"]
[Site "Canberra"]
[Date "2022.04.18"]
[Round "9.6"]
[White "Kargosha, Bahman"]
[Black "Winkelman, Albert"]
[Result "1/2-1/2"]
[ECO "D90"]
[WhiteElo "2084"]
[BlackElo "2257"]
[Annotator "TA"]
[PlyCount "60"]
[EventDate "2022.04.14"]
[EventType "swiss"]
[EventCountry "AUS"]
[SourceTitle "playchess.com"]
[Source "ChessBase"]
[SourceQuality "1"]
[TimeControl "5400+30"]

1. d4 Nf6 2. c4 g6 3. Nc3 d5 4. cxd5 Nxd5 5. e4 Nxc3 6. bxc3 Bg7 7. Qa4+ {[%emt 0:00:00] 7.Nf3 is becoming the main line.} c6 8. Nf3 O-O {[%emt 0:00:00][%cal Oc6c5] D90: Grünfeld: 4 Nf3 Bg7 sidelines.} 9. Be2 c5 10. O-O b6 {[%emt 0:00:00] [#]} (10... Nc6 $5 ) 11. Rb1 $146 ({Predecessor:} 11. Ba3 Bb7 12. dxc5 Qc7 13. Nd4 bxc5 14. Nb5 Qe5 15. f4 Qxe4 16. Qxe4 Bxe4 17. Nc7 Bxc3 {1-0 (24) Zhukova,N (2459)-Batchimeg,T (2340) Khanty-Mansiysk 2014}) 11... Bb7 12. dxc5 Qc7 13. Be3 Nd7 14. Qb4 Rfc8 15. cxb6 axb6 16. Qxe7 Rxa2 {[%emt 0:06:00] [#] Threatens to win with ...Bf8.} 17. Ng5 $1 Nf8 (17... Rxe2 $2 18. Qxf7+ Kh8 19. Ne6 $18) (17... Ne5 18. Qxc7) 18. Qxc7 {[%emt 0:01:29] Dancing on a razor blade.} Rxc7 19. Bxb6 Rxc3 $11 {[%emt 0:00:00] The position is equal.} 20. Be3 Ba8 21. Bf3 h6 22. Nh3 Ra4 23. Rfc1 Rxc1+ 24. Rxc1 Bxe4 25. Bxe4 Rxe4 26. Nf4 h5 27. Nd3 Ne6 28. Nc5 Nxc5 29. Rxc5 Ra4 30. Rc1 Be5 {[%emt 0:00:00] Weighted Error Value: White=0.04 (flawless) /Black=0.04 (flawless)} 1/2-1/2